 Dungeon Crawl Stone Soup version 0.22-a0-369-gc73351f (webtiles) character file.

124 zero the Sneak (level 4, 0/21 HPs)
             Began as a Spriggan Enchanter on Apr 24, 2018.
             Slain by a hobgoblin
             ... wielding a +0 club
              (3 damage)
             ... on level 3 of the Dungeon.
             The game lasted 00:03:36 (2372 turns).

zero the Sneak (Spriggan Enchanter)                 Turns: 2372, Time: 00:03:37

Health: 0/21       AC:  3    Str:  4    XL:     4   Next: 81%
Magic:  2/10       EV: 18    Int: 16    God:
Gold:   110        SH:  0    Dex: 17    Spells: 4/10 levels left

rFire    . . .     SeeInvis +   a - +1 dagger
rCold    . . .     Gourm    .   (shield restricted)
rNeg     . . .     Faith    .   b - +1 robe
rPois    .         Spirit   .   (helmet restricted)
rElec    .         Reflect  .   (no cloak)
rCorr    .         Harm     .   (gloves unavailable)
MR       .....                  (boots unavailable)
Stlth    ++++......             (no amulet)
HPRegen  0.07/turn              (no ring)
MPRegen  0.12/turn              (no ring)

@: very quick
A: very small, unfitting armour, see invisible, herbivore, speed 3, slow
metabolism 2
a: no special abilities


You were on level 3 of the Dungeon.
You were not hungry.

You visited 1 branch of the dungeon, and saw 3 of its levels.

You collected 110 gold pieces.

Inventory:

Hand Weapons
 a - a +1 dagger (weapon)
Armour
 b - a +1 robe (worn)
Scrolls
 f - a scroll of remove curse
Potions
 c - a potion of flight {unknown}
 e - a potion of curing
Comestibles
 d - 5 rations


   Skills:
 - Level 1.1 Short Blades
 - Level 3.0 Dodging
 + Level 7.4 Stealth
 + Level 3.5 Spellcasting
 + Level 4.3 Hexes


You had 4 spell levels left.
You knew the following spells:

 Your Spells              Type           Power        Failure   Level  Hunger
a - Corona                Hex            ###....      3%          1    None
b - Ensorcelled Hibernat  Hex/Ice        #.....       11%         2    ##.....
c - Confuse               Hex            ###.....     9%          3    ###....


Dungeon Overview and Level Annotations

Branches:
Dungeon (3/15)

Altars:

Annotations:
D:2 Natasha


Innate Abilities, Weirdness & Mutations

You are very small and have problems with some larger weapons.
You are too small for most types of armour.
You have supernaturally acute eyesight. (SInv)
You are a herbivore.
You cover ground extremely quickly.
You need to consume almost no food.


Message History

Found 13 gold pieces.
A bat comes into view.
The bat closely misses you. The bat barely misses you.
The bat closely misses you.
The hobgoblin shouts!
You hit the hobgoblin.
The hobgoblin is moderately wounded.
The bat closely misses you. The hobgoblin closely misses you.
Casting: Ensorcelled Hibernation (safe; 11% risk of failure)
Confirm with . or Enter, or press ? or * to list all spells.
You don't have enough magic to cast that spell.
Unknown command.
You hit the hobgoblin.
The hobgoblin is almost dead.
The bat misses you.
You barely miss the hobgoblin.
The hobgoblin is almost dead.
The bat misses you. The hobgoblin hits you with a club.
You die...

##### #...#
###...########
#<....@g......
###...########
#....b.....
#..........#
#.....$....#
#..........#
#..........#
#..........#


You could see a hobgoblin and a bat.

Vanquished Creatures
  Natasha (twice) (D:2)
  5 adders (D:2)
  2 dart slugs
  A leopard gecko (D:2)
  An orc (D:3)
  2 giant cockroaches
  5 goblins
  3 hobgoblins
  4 bats
  5 frilled lizards
  2 rats
32 creatures vanquished.

Notes
Turn   | Place    | Note
-------+----------+-------------------------------------------
     0 | D:1      | zero the Spriggan Enchanter began the quest for the Orb.
     0 | D:1      | Reached XP level 1. HP: 9/9 MP: 5/5
   410 | D:1      | Reached skill level 5 in Stealth
   422 | D:1      | Reached XP level 2. HP: 9/13 MP: 6/6
   426 | D:1      | Learned a level 2 spell: Ensorcelled Hibernation
   571 | D:2      | Reached skill level 6 in Stealth
  1108 | D:2      | Reached XP level 3. HP: 16/16 MP: 8/8
  1411 | D:2      | Noticed Natasha
  1421 | D:2      | Killed Natasha
  1421 | D:2      | Reached skill level 7 in Stealth
  1598 | D:2      | Reached XP level 4. HP: 9/21 MP: 2/9
  1860 | D:2      | Noticed Natasha
  1868 | D:2      | Killed Natasha
  1979 | D:2      | Learned a level 3 spell: Confuse
  2348 | D:2      | Noticed Natasha
  2372 | D:3      | Slain by a hobgoblin

Vault maps used:
D:1:      minmay_arrival_up_and_down, minmay_tetromino_l4
D:2:      first_ration, uniq_natasha
D:3:      nicolae_overflow_hidden_temple

Skill      XL: |  1  2  3 |
---------------+----------+-----
Stealth        | 5 6 7 |  7.4
Spellcasting   | 3 |  3.5
Hexes          | 4 |  4.3
Short Blades   | |  1.1
Dodging        | |  3.0

Action                   |  1- 3 |  4- 6 || total
-------------------------+-------+-------++-------
Melee: Dagger            |    90 |    24 ||   114
 Cast: Corona            |     6 |       ||     6
       Ensorcelled Hiber |    10 |    10 ||    20
  Use: Scroll            |     4 |     2 ||     6
       Potion            |       |     1 ||     1
 Stab: Sleeping          |     9 |     6 ||    15
Armor: Robe              |    11 |     3 ||    14
Dodge: Dodged            |    79 |    32 ||   111

Table legend:
 A = Spawn XP
 B = Non-spawn XP
 C = Spawn XP percentage of total XP
 D = Spawn monster count
 E = Non-spawn monster count
 F = Spawn count percentage of total count
 G = Total turns spent on level
                    A         B        C        D         E        F      G
               +---------+---------+-------+---------+---------+-------+---------
         Total |       0 |     178 |   0.0 |       0 |      32 |   0.0 |  2372
               +---------+---------+-------+---------+---------+-------+---------
           D:1 |       0 |      14 |   0.0 |       0 |       8 |   0.0 |   727
           D:2 |       0 |     161 |   0.0 |       0 |      23 |   0.0 |  1630
           D:3 |       0 |       3 |   0.0 |       0 |       1 |   0.0 |    15
               +---------+---------+-------+---------+---------+-------+---------
